 Dungeon Crawl Stone Soup version 0.30-a0-738-g116ff8c4af (webtiles) character file.

Game seed: 2284006310835209410

4 DEFE the Chucker (level 1, 0/15 HPs)
             Began as a Djinni Wanderer on Feb 3, 2023.
             Slain by a goblin
             ... wielding a +0 dagger
              (2 damage)
             ... on level 1 of the Dungeon.
             The game lasted 00:00:14 (55 turns).

DEFE the Chucker (Djinni Wanderer)                    Turns: 55, Time: 00:00:14

Health: 0/15       AC:  2    Str: 11    XL:     1   Next: 66%
Gold:   0          EV: 10    Int: 13    God:
                   SH:  6    Dex: 12

rFire   + + .      SeeInvis .    a - +0 dagger
rCold   x . .      Faith    .    c - +2 buckler
rNeg    . . .      Spirit   .    e - +0 robe
rPois   ∞          Reflect  .    (no helmet)
rElec   .          Harm     .    (no cloak)
rCorr   .          Rampage  .    (no gloves)
Will    .....                    (boots unavailable)
Stlth   ++                       (no amulet)
HPRegen 0.22/turn                (no ring)
MPRegen 0.00/turn                (no ring)

@: flying
A: sickness immunity, fire resistance 2, cold vulnerability 1, float, innate
caster, HP casting, extra vitality 1
a: no special abilities


You were on level 1 of the Dungeon.
You visited 1 branch of the dungeon, and saw 1 of its levels.

Inventory:

Hand Weapons
 a - a +0 dagger (weapon)
Missiles
 b - 13 poisoned darts (quivered)
Armour
 c - a +2 buckler (worn)
 e - a +0 robe (worn)
Potions
 d - a potion of brilliance


   Skills:
 + Level 3.3 Throwing
 + Level 1.1 Stealth
 + Level 3.0 Shields
 + Level 1.6 Spellcasting


You couldn't memorise any spells.
You knew the following spells:

 Your Spells              Type           Power      Damage    Failure   Level
a - Mephitic Cloud        Conj/Pois/Air  5%         N/A       47%         3
b - Kiss of Death         Conj/Necr      20%        2d7       19%         1

Your spell library contained the following spells:

 Spells                   Type           Power      Damage    Failure   Level


Dungeon Overview and Level Annotations

Branches:
Dungeon (1/15)

Altars:


Innate Abilities, Weirdness & Mutations

You are immune to sickness and miasma.
You are immune to poison.
Your flesh is very heat resistant. (rF++)
You are vulnerable to cold. (rC-)
You float through the air rather than walking.
You learn spells naturally, not from books.
Your magical power is your life essence.
You have superior vitality. (+4 MHP)


Message History

* * * LOW HITPOINT WARNING * * *
You take 1 damage, and have 4/15 hp.
You hit the hobgoblin.
You kill the hobgoblin!
The ball python closely misses you. The ball python grabs you.
The ball python constricts you.
* * * LOW HITPOINT WARNING * * *
You take 1 damage, and have 3/15 hp.
You barely miss the ball python. You block the ball python's attack.
The ball python constricts you.
Unknown command.
You hit the ball python. You block the ball python's attack.
The ball python constricts you.
Unknown command.
You hit the ball python but do no damage.
The ball python bites you.
* * * LOW HITPOINT WARNING * * *
The ball python constricts you.
You take 2 damage, and have 2/15 hp.
Unknown command.
You hit the ball python.
You kill the ball python!
Unknown command.
You hit the goblin. The goblin misses you.
Unknown command.
You closely miss the goblin. The goblin barely misses you.
Unknown command.
You completely miss the goblin. You block the goblin's attack.
Unknown command.
You hit the goblin. The goblin closely misses you.
You closely miss the goblin. The goblin hits you with a +0 dagger.
* * * LOW HITPOINT WARNING * * *
You take 2 damage, and have 1/15 hp.
You barely miss the goblin. The goblin hits you but does no damage.
Unknown command.
You closely miss the goblin. The goblin barely misses you.
Unknown command.
You completely miss the goblin. The goblin hits you with a +0 dagger.
You die...

#..# #.## #.#
##.####
#.....#########
##.....##).[...##
#>......+........
#..######......##
#.....@g.........
#.#######......#.
#.# ....?.... #.#
.......... #.#
#.......#.. ...
#.......# . ..
#########


You could see a goblin.

Vanquished Creatures
  An endoplasm (D:1)
  A hobgoblin (D:1)
  A ball python (D:1)
  A frilled lizard (D:1)
4 creatures vanquished.

Notes
Turn   | Place    | Note
-------+----------+-------------------------------------------
     0 | D:1      | DEFE the Djinni Wanderer began the quest for the Orb.
     0 | D:1      | DEFE set off with the following items: a +0 dagger, 13
                  | poisoned darts, a +2 buckler, a potion of brilliance, a +0
                  | robethe following spells memorised: Mephitic Cloud, Kiss of
                  | Death.
     0 | D:1      | Reached XP level 1. HP: 15/15 MP: 0/0
    55 | D:1      | Slain by a goblin

Illustrated notes

Levels and vault maps discovered:
D:1:      heliophobic_arrival_battle_scene, layout_basic,
          ebering_ecumenical_altar_webs, nicolae_concentric_dashed_squares_wild

Action                     || total
---------------------------++-------
  Melee: Dagger            ||    23
 Armour: Robe              ||     1
  Dodge: Dodged            ||     5
  Block: Buckler           ||     5

Table legend: (Time is in decaauts)
 A = Elapsed time spent in this place.
 B = Non-inter-level travel time spent in this place.
 C = Inter-level travel time spent in this place.
 D = Time resting spent in this place.
 E = Time spent auto-exploring this place.
 F = Levels seen in this place.
 G = Mean time per level.
                   A        B        C        D        E       F      G
               +--------+--------+--------+--------+--------+-----+--------+
         Total |     55 |     55 |      0 |      0 |     23 |   1 |   55.0 |
       Dungeon |     55 |     55 |      0 |      0 |     23 |   1 |   55.0 |
               +--------+--------+--------+--------+--------+-----+--------+

Top non-repeatable levels by time:
     D:1: 55 daAuts
